 Dungeon Crawl Stone Soup version 0.30.0-15-g856e2d3f33 (webtiles) character file.

Game seed: 798093710693514419

380 Cheops the Basher (level 6, -4/51 HPs)
             Began as a Minotaur Fighter on May 18, 2023.
             Slain by a +3 spectral club (7 damage)
             ... created by Ijyb
             ... on level 3 of the Dungeon.
             The game lasted 00:03:08 (2185 turns).

Cheops the Basher (Minotaur Fighter)                Turns: 2185, Time: 00:03:08

Health: -4/51      AC:  6    Str: 23    XL:     6   Next: 46%
Magic:  5/5        EV:  6    Int:  5    God:
Gold:   190        SH:  4    Dex:  9    Spells: 5/5 levels left

rFire   . . .        a - +0 flail
rCold   . . .        c - +0 buckler
rNeg    . . .        s - +0 scale mail
rPois   .            (helmet restricted)
rElec   .            (no cloak)
rCorr   .            (no gloves)
SInv    .            (no boots)
Will    .....        h - amulet of faith Stlth
                     (no ring)
HPRegen 0.28/turn    (no ring)
MPRegen 0.09/turn

%: faith
@: constricted
A: horns 2, retaliatory headbutt
a: no special abilities


You were on level 3 of the Dungeon.
You visited 1 branch of the dungeon, and saw 3 of its levels.

You collected 190 gold pieces.

Inventory:

Hand Weapons
 a - a +0 flail (weapon)
Armour
 b - a +0 scale mail
 c - a +0 buckler (worn)
 s - a +0 scale mail (worn)
Jewellery
 f - a ring of ice
 g - a ring of ice
 h - an amulet of faith (around neck)
Wands
 m - a wand of flame (8)
Scrolls
 d - 2 scrolls of enchant weapon {unknown}
 e - a scroll of vulnerability {unknown}
 k - 2 scrolls of magic mapping {unknown}
 n - a scroll of teleportation {unknown}
 o - a scroll of butterflies {unknown}
 p - a scroll of immolation {unknown}
 q - a scroll of silence {unknown}
 t - a scroll of identify {unknown}
 u - a scroll of fear {unknown}
 v - a scroll of poison {unknown}
Potions
 i - a potion of flight {unknown}
 j - a potion of lignification {unknown}
 l - 2 potions of curing {unknown}
 r - 2 potions of degeneration {unknown}


   Skills:
 - Level 3.6 Fighting
 + Level 8.4 Maces & Flails
 - Level 3.6 Armour
 - Level 3.6 Shields


You had 5 spell levels left.
You didn't know any spells.
Your spell library contained the following spells:

 Spells                   Type           Power      Damage    Failure   Level
 Beastly Appendage        Tmut           0%         N/A       85%         1
 Lesser Beckoning         Tloc           0%         N/A       94%         2
 Wereblood                Tmut           0%         N/A       94%         2
 Gell's Gravitas          Tloc           0%         N/A       99%         3
 Spider Form              Tmut/Pois      0%         N/A       99%         3
 Teleport Other           Tloc           0%         N/A       99%         3


Dungeon Overview and Level Annotations

Branches:
Dungeon (3/15)

Altars:
Ashenzari
Hepliaklqana
Qazlal

Annotations:
D:3 Ijyb


Innate Abilities, Weirdness & Mutations

You have a pair of horns on your head.
You reflexively headbutt those who attack you in melee.


Message History

The bat closely misses you.
You barely miss the bat. The bat hits you but does no damage.
You block the bat's attack.
You closely miss the bat. The bat hits you but does no damage.
You sock the bat!
You kill the bat!
No target in view!
No target in view!
No target in view!
No target in view!
No target in view!
No target in view!
You see here a bat corpse.
Found a stone staircase leading down.
Ijyb the Twisted Goblin comes into view.
She is wielding a +3 spectral club and carrying a wand of mindburst (19).
Ijyb shouts!
You hear a shout! x2
Ijyb zaps a wand.
Your mind is blasted!
A ball python comes into view.
There are monsters nearby!
There are monsters nearby!
Ijyb zaps a wand.
Your mind is blasted!
A kobold comes into view. It is wielding a +0 dagger.
Ijyb zaps a wand.
Your mind is blasted!
* * * LOW HITPOINT WARNING * * *
The ball python bites you.
* * * LOW HITPOINT WARNING * * *
The ball python grabs you. The ball python constricts you.
Ijyb hits you with a +3 spectral club.
* * * LOW HITPOINT WARNING * * *
The +3 spectral club barely misses you.
A +3 spectral club comes into view.
You hit Ijyb.
Ijyb is lightly wounded.
The +3 spectral club hits you.
* * * LOW HITPOINT WARNING * * *
You block the ball python's attack. The ball python constricts you.
Ijyb hits you with a +3 spectral club.
* * * LOW HITPOINT WARNING * * *
The +3 spectral club hits you!
You die...

..# .. #. #.##
######## #K..
........ #..##
#######.
##gS#############..
#.@(......(........
#.#####.#....##.#..
#.#####.#..†.##.#..
#.#...........#.#..
#.#.##........#.###
#. #........#.# #.
#........#.# #.
#........#.#
#........#.#


You could see a +3 spectral club, Ijyb, a ball python and a kobold.

Vanquished Creatures
  Grinder (D:3)
  Terence (D:3)
  Jessica (D:2)
  6 adders
  A worm (D:2)
  2 dart slugs
  6 orcs (D:3)
  2 bats
  7 endoplasms
  A giant cockroach (D:2)
  5 goblins
  2 hobgoblins
  5 kobolds
  3 quokkas
  2 ball pythons
  3 frilled lizards
  6 rats
54 creatures vanquished.

Notes
Turn   | Place    | Note
-------+----------+-------------------------------------------
     0 | D:1      | Cheops the Minotaur Fighter began the quest for the Orb.
     0 | D:1      | Reached XP level 1. HP: 19/19 MP: 0/0
    20 | D:1      | Reached skill level 3 in Maces & Flails
   138 | D:1      | Reached XP level 2. HP: 22/26 MP: 1/1
   679 | D:2      | Reached skill level 4 in Maces & Flails
   687 | D:2      | Noticed Jessica
   691 | D:2      | Reached XP level 3. HP: 31/31 MP: 2/2
   694 | D:2      | Killed Jessica
   695 | D:2      | Reached skill level 5 in Maces & Flails
   865 | D:2      | Reached XP level 4. HP: 39/39 MP: 3/3
  1001 | D:2      | Found a stormy altar of Qazlal.
  1696 | D:3      | Found a hazy altar of Hepliaklqana.
  1717 | D:3      | Reached skill level 6 in Maces & Flails
  1855 | D:3      | Noticed Grinder
  1863 | D:3      | Killed Grinder
  1864 | D:3      | Reached skill level 8 in Maces & Flails
  1864 | D:3      | Reached XP level 5. HP: 35/45 MP: 4/4
  1864 | D:3      | Reached XP level 6. HP: 40/51 MP: 5/5
  1952 | D:3      | Found a faded altar of an unknown god.
  2066 | D:3      | Noticed Terence
  2070 | D:3      | Killed Terence
  2081 | D:3      | Found a broken altar of Ashenzari.
  2178 | D:3      | Noticed Ijyb
  2185 | D:3      | Slain by a +3 spectral club

Illustrated notes

Levels and vault maps discovered:
D:1:      nicolae_arrival_memento_mori, layout_basic, roderic_lattice_a,
          chequers_serial_rivers_micro_c
D:2:      layout_basic, basic_altar, solitary_fountain, uniq_jessica
D:3:      minmay_diamond_boxcup, layout_basic,
          mainiacjoe_overflow_cross_hatched, evilmike_ruin_ashenzari,
          shapermc_ecumenical_altar_gd, uniq_grinder, uniq_ijyb, uniq_terence

Skill      XL: |  1  2  3  4 |
---------------+-------------+-----
Maces & Flails | 3 4 5 8 |  8.4
Fighting       | |  3.6
Armour         | |  3.6
Shields        | |  3.6

Action                     |  1- 3 |  4- 6 || total
---------------------------+-------+-------++-------
  Melee: Flail             |    47 |    85 ||   132
         Headbutt          |     2 |     8 ||    10
    Use: Potion            |       |     1 ||     1
 Armour: Scale mail        |    17 |    35 ||    52
  Dodge: Dodged            |    21 |    22 ||    43
  Block: Buckler           |     9 |    14 ||    23
